 Dungeon Crawl Stone Soup version 0.29-a0-1027-gcd8c55af63 (webtiles) character file.

Game seed: 12586268091164958939

83 ultragoat the Shield-Bearer (level 4, -2/45 HPs)
             Began as a Troll Fighter on Aug 14, 2022.
             Was a Follower of Kikubaaqudgha.
             Killed by divine providence
             ... invoked by an orc priest
              (8 damage)
             ... on level 3 of the Dungeon.
             The game lasted 00:06:04 (1285 turns).

ultragoat the Shield-Bearer (Troll Fighter)         Turns: 1285, Time: 00:06:05

Health: -2/45      AC:  4    Str: 24    XL:     4   Next: 22%
Magic:  3/3        EV:  8    Int:  6    God:    Kikubaaqudgha [*.....]
Gold:   49         SH:  7    Dex:  9    Spells: 0/3 levels left

rFire   . . .      SeeInvis .     - Unarmed
rCold   . . .      Faith    .   b - +0 kite shield
rNeg    . . .      Spirit   .   a - +0 robe
rPois   .          Reflect  .   (helmet restricted)
rElec   .          Harm     .   (no cloak)
rCorr   .          Rampage  .   (gloves unavailable)
Will    .....                   (boots unavailable)
Stlth   +.........              (no amulet)
HPRegen 0.95/turn               (no ring)
MPRegen 0.08/turn               (no ring)

@: no status effects
A: large, unfitting armour, claws 3, regeneration 1, shaggy fur 1, tough skin 1
a: Renounce Religion, Unearth Wretches


You were on level 3 of the Dungeon.
You worshipped Kikubaaqudgha.
Kikubaaqudgha was aware of your devotion.
You visited 1 branch of the dungeon, and saw 3 of its levels.

You collected 49 gold pieces.

Inventory:

Armour
 a - a +0 robe (worn)
 b - a +0 kite shield (worn)
Magical Staves
 o - a staff of conjuration
Scrolls
 f - a scroll of butterflies {unknown}
 g - a scroll of identify {unknown}
 j - a scroll of enchant armour {unknown}
 l - 2 scrolls of teleportation {unknown}
 n - a scroll of enchant weapon {unknown}
Potions
 c - a potion of might
 d - a potion of ambrosia {unknown}
 e - a potion of mutation {unknown}
 h - 2 potions of cancellation {unknown}
 i - a potion of heal wounds {unknown}
 k - a potion of curing {unknown}
 m - a potion of degeneration {unknown}


   Skills:
 + Level 3.0 Fighting
 - Level 2.7 Dodging
 - Level 3.0 Shields
 + Level 2.9 Unarmed Combat
 * Level 0.1 Spellcasting
 * Level 1.0 Necromancy


You couldn't memorise any spells.
You knew the following spells:

 Your Spells              Type           Power      Damage    Failure   Level
a - Necrotise             Necr           4%         1d4       58%         1
b - Sublimation of Blood  Necr           1%         N/A       75%         2

Your spell library contained the following spells:

 Spells                   Type           Power      Damage    Failure   Level
 Vampiric Draining        Necr           1%         2d6       92%         3
 Anguish                  Hex/Necr       0%         N/A       100%        4


Dungeon Overview and Level Annotations

Branches:
Dungeon (3/15)

Altars:
Kikubaaqudgha

Shops:
D:2 (


Innate Abilities, Weirdness & Mutations

You are too large for most types of armour.
You have claws for hands.
Your natural rate of healing is unusually fast.
You are covered in fur. (AC +1)
You have tough skin. (AC +1)


Message History

The ball python bites you but does no damage.
The orc hits you from afar with a +0 vorpal trident!
You completely miss the ball python. You block the ball python's attack.
The orc hits you from afar with a +0 vorpal trident.
The ball python misses you.
You scratch the ball python but do no damage.
The orc hits you from afar with a +0 vorpal trident.
You block the ball python's attack.
You scratch the ball python.
You kill the ball python!
Kikubaaqudgha accepts your kill. The orc barely misses you.
You closely miss the orc. You block the orc's attack. x2
You scratch the orc.
The orc is moderately wounded.
The orc hits you from afar with a +0 vorpal trident.
The orc hits you with a +0 mace.
An orc priest comes into view. It is wielding a +0 trident.
You claw the orc!
You kill the orc!
Kikubaaqudgha accepts your kill. The orc hits you but does no damage.
The orc barely misses you. x2
You claw the orc!
You kill the orc!
Kikubaaqudgha accepts your kill. You block the orc's attack.
You barely miss the orc.
The orc hits you from afar with a +0 vorpal trident.
* * * LOW HITPOINT WARNING * * *
You block the orc's attack.
The orc priest hits you from afar with a +0 trident!
* * * LOW HITPOINT WARNING * * *
You claw the orc!
You kill the orc!
Kikubaaqudgha accepts your kill. The orc hits you but does no damage.
The orc priest calls down the wrath of Beogh upon you.
Beogh smites you!
You die...
Kikubaaqudgha rasps: "You have failed me!
Welcome... death!"

.. .# . ##
.# .#
.###.# ..
....##.#.#
.o.......
#oo.....#
#<# #@#
........#
.#..#####
..


You could see an orc priest and 2 orcs.

Vanquished Creatures
  3 adders (D:2)
  2 dart slugs
  5 orcs (D:3)
  3 bats
  5 endoplasms
  A giant cockroach (D:1)
  A goblin (D:3)
  4 hobgoblins (D:1)
  2 quokkas
  6 ball pythons
  3 frilled lizards
  9 kobolds
  5 rats
49 creatures vanquished.

Vanquished Creatures (others)
  A plant (D:1)
1 creature vanquished.

Grand Total: 50 creatures vanquished

Notes
Turn   | Place    | Note
-------+----------+-------------------------------------------
     0 | D:1      | ultragoat the Troll Fighter began the quest for the Orb.
     0 | D:1      | Reached XP level 1. HP: 22/22 MP: 0/0
   108 | D:1      | Reached XP level 2. HP: 29/29 MP: 1/1
   435 | D:1      | Found a faded altar of an unknown god.
   446 | D:1      | Prayed at the altar of an unknown god.
   446 | D:1      | Became a worshipper of Kikubaaqudgha
   446 | D:1      | Reached * piety under Kikubaaqudgha
   446 | D:1      | Received a gift from Kikubaaqudgha
   543 | D:1      | Reached XP level 3. HP: 36/36 MP: 2/2
   948 | D:2      | Reached XP level 4. HP: 42/45 MP: 3/3
   948 | D:2      | Found Hyinadd's Antique Weapon Boutique.
  1236 | D:2      | Learned a level 1 spell: Necrotise
  1239 | D:2      | Learned a level 2 spell: Sublimation of Blood
  1273 | D:3      | Reached skill level 1 in Necromancy
  1285 | D:3      | Killed from afar by an orc priest

Illustrated notes

Levels and vault maps discovered:
D:1:      heliophobic_arrival_henge, layout_basic,
          shapermc_ecumenical_altar_pompeii, serial_bayou_pond_d
D:2:      layout_rooms, serial_shops, nicolae_shop_statue_plus
D:3:      layout_loops_cross, chequers_mini_garden

Skill      XL: |  1  2  3  4 |
---------------+-------------+-----
Shields        | 3 |  3.0
Fighting       | 3 |  3.0
Necromancy     | 1 |  1.0
Dodging        | |  2.7
Unarmed Combat | |  2.9
Spellcasting   | |  0.1

Action                   |  1- 3 |  4- 6 || total
-------------------------+-------+-------++-------
Melee: Unarmed           |   100 |    30 ||   130
Armor: Robe              |    29 |     9 ||    38
Dodge: Dodged            |    29 |    10 ||    39
Block: Kite shield       |    36 |    18 ||    54

Table legend: (Time is in decaauts)
 A = Elapsed time spent in this place.
 B = Non-inter-level travel time spent in this place.
 C = Inter-level travel time spent in this place.
 D = Time resting spent in this place.
 E = Time spent auto-exploring this place.
 F = Levels seen in this place.
 G = Mean time per level.
                   A        B        C        D        E       F      G
               +--------+--------+--------+--------+--------+-----+--------+
         Total |   1299 |   1266 |     33 |      0 |    558 |   3 |  433.0 |
       Dungeon |   1299 |   1266 |     33 |      0 |    558 |   3 |  433.0 |
               +--------+--------+--------+--------+--------+-----+--------+

Top non-repeatable levels by time:
     D:1: 753 daAuts
     D:2: 516 daAuts
     D:3: 30 daAuts
